 Dungeon Crawl Stone Soup version 0.25.1-2-g60ff931df9 (webtiles) character file.

Game seed: 4795054207301850969

354 protoss039 the Magician (level 6, 0/32 HPs)
             Began as a Deep Elf Earth Elementalist on Aug 10, 2020.
             Slain by a fire bat (1 damage)
             ... on level 3 of the Dungeon.
             The game lasted 00:04:44 (3948 turns).

protoss039 the Magician (DEEE)                      Turns: 3948, Time: 00:04:44

Health: 0/32       AC:  3    Str:  5    XL:     6   Next: 35%
Magic:  17/17      EV: 13    Int: 22    God:
Gold:   146        SH:  0    Dex: 15    Spells: 12/18 levels left

rFire    . . .     SeeInvis .   o - +0 trident
rCold    . . .     Gourm    .   (no shield)
rNeg     . . .     Faith    .   c - +0 robe
rPois    .         Spirit   .   (no helmet)
rElec    .         Reflect  .   u - +0 cloak
rCorr    .         Harm     .   (no gloves)
MR       .....                  (no boots)
Stlth    ++........             (no amulet)
HPRegen  0.10/turn              (no ring)
MPRegen  0.15/turn              (no ring)

@: no status effects
A: no striking features
a: no special abilities


You were on level 3 of the Dungeon.
You were not hungry.

You visited 1 branch of the dungeon, and saw 3 of its levels.

You collected 146 gold pieces.

Inventory:

Hand Weapons
 o - a +0 trident (weapon)
Missiles
 b - 162 stones (quivered)
Armour
 c - a +0 robe (worn)
 u - a +0 cloak (worn)
Jewellery
 w - an uncursed ring of magical power {unknown}
Wands
 r - a wand of random effects (26)
Scrolls
 a - a scroll of immolation {unknown}
 e - 2 scrolls of enchant armour {unknown}
 g - 2 scrolls of remove curse
 i - 2 scrolls of magic mapping {unknown}
 n - a scroll of teleportation {unknown}
 p - 4 scrolls of identify {unknown}
 s - a scroll of amnesia {unknown}
 v - a scroll of noise {unknown}
Potions
 f - 2 potions of degeneration {unknown}
 h - a potion of invisibility {unknown}
 k - a potion of brilliance {unknown}
 l - a potion of magic {unknown}
 q - a potion of stabbing {unknown}
 t - 2 potions of berserk rage {unknown}
Comestibles
 d - 6 rations
 j - 3 chunks of flesh


   Skills:
 - Level 3.0 Dodging
 - Level 3.0 Stealth
 + Level 6.6 Spellcasting
 + Level 1.1 Transmutations
 + Level 5.7 Earth Magic


You had 12 spell levels left.
You knew the following spells:

 Your Spells              Type           Power        Failure   Level  Hunger
a - Sandblast             Erth           ####..       1%          1    None
b - Passwall              Tmut/Erth      ###.....     3%          2    None
c - Stone Arrow           Conj/Erth      ###...       8%          3    #......

Your spell library contained the following spells:

 Spells                   Type           Power        Failure   Level  Hunger
 Petrify                  Tmut/Erth      ###.....     21%         4    ###....
 Lee's Rapid Deconstruct  Erth           ####......   22%         5    #####..


Dungeon Overview and Level Annotations

Branches:
Dungeon (3/15)

Altars:
Cheibriados


Message History

The fire bat barely misses you. The fire bat misses you.
The fire bat closely misses you.
Unknown command.
Unknown command.
Okay, then.
As you read the scroll labeled RONUGA EC ONO, it crumbles to dust.
The scroll dissolves into smoke.
It was a scroll of fog.
The fire bat bites you.
* * * LOW HITPOINT WARNING * * *
You are engulfed in flames.
* * * LOW HITPOINT WARNING * * *
The fire bat bites you but does no damage.
The fire bat closely misses you.
Unknown command.
As you read the scroll labeled YGAESKU FAULY, it crumbles to dust.
You feel as if something is helping you.
It was a scroll of remove curse.
The fire bat bites you.
* * * LOW HITPOINT WARNING * * *
You are engulfed in flames.
You die...

.......)#####.####
#.####.. .###...##
##...# #.......
#.....
##..##########
#.###. ###......#
# # .. .#######.#
#. ...###..#.# ##
#b...##....#
##§§..# ##.#######
##@# #.........
###b## ##.#######
#.Zb## #####..#
#... #..#b.#
##..###.# #.##
#...##.###...# .#
#.# #...# ##÷###.#
.# #.# #...
#÷##.#### .# #.#
##.#
##÷÷.#÷..##.###.##
.#
#...#######.......


You could see 2 fire bats, a vampire bat and a skeletal bat.

Vanquished Creatures
  Sigmund (D:2)
  Jessica (D:2)
  4 gnolls
  An adder (D:2)
  A dart slug (D:1)
  A leopard gecko (D:3)
  2 orcs (D:3)
  11 bats
  2 bat skeletons (D:3)
  A giant cockroach (D:3)
  3 goblins
  6 hobgoblins
  2 jackals (D:1)
  A quokka (D:3)
  4 ball pythons
  4 frilled lizards
  3 kobolds (D:3)
  9 rats
57 creatures vanquished.

Notes
Turn   | Place    | Note
-------+----------+-------------------------------------------
     0 | D:1      | protoss039 the Deep Elf Earth Elementalist began the quest
                  | for the Orb.
     0 | D:1      | Reached XP level 1. HP: 10/10 MP: 6/6
   624 | D:1      | Reached XP level 2. HP: 14/15 MP: 8/8
  2056 | D:2      | Noticed Sigmund
  2116 | D:2      | Reached XP level 3. HP: 19/19 MP: 6/9
  2320 | D:2      | Learned a level 2 spell: Passwall
  2324 | D:2      | Learned a level 3 spell: Stone Arrow
  2488 | D:2      | Noticed Jessica
  2492 | D:2      | Killed Jessica
  2492 | D:2      | Reached skill level 4 in Spellcasting
  2492 | D:2      | Reached XP level 4. HP: 24/24 MP: 10/12
  2562 | D:2      | Killed Sigmund
  2562 | D:2      | Reached skill level 6 in Spellcasting
  2562 | D:2      | Reached skill level 5 in Earth Magic
  2562 | D:2      | Reached XP level 5. HP: 22/28 MP: 5/15
  2866 | D:3      | Found a snail-covered altar of Cheibriados.
  2922 | D:3      | Found a faded altar of an unknown god.
  3389 | D:3      | Reached XP level 6. HP: 32/32 MP: 17/17
  3948 | D:3      | HP: 1/32 [fire bat (1)]
  3948 | D:3      | Slain by a fire bat

Illustrated notes

Levels and vault maps discovered:
D:1:      mainiacjoe_arrival_reflecting_pool, layout_loops_corners,
          nrook_loot_triangle
D:2:      layout_rooms, uniq_sigmund, uniq_jessica
D:3:      minmay_razor_zed, layout_basic, nicolae_overflow_crystal_walls,
          chequers_ecumenical_altar_lobes, goddamned_bats

Skill      XL: |  1  2  3  4 |
---------------+-------------+-----
Dodging        | 3 |  3.0
Stealth        | 3 |  3.0
Earth Magic    | 4 5 |  5.7
Spellcasting   | 4 6 |  6.6
Transmutations | |  1.1

Action                   |  1- 3 |  4- 6 || total
-------------------------+-------+-------++-------
Melee: Unarmed           |    26 |       ||    26
       Hand axe          |    22 |     4 ||    26
       Trident           |       |   125 ||   125
 Cast: Sandblast         |    25 |    23 ||    48
       Stone Arrow       |       |     1 ||     1
  Use: Scroll            |       |     2 ||     2
 Stab: Sleeping          |     3 |     6 ||     9
  Eat: Chunk             |     4 |     6 ||    10
Armor: Robe              |     8 |    69 ||    77
Dodge: Dodged            |    44 |   163 ||   207
